 Dungeon Crawl Stone Soup version 0.28.0-53-g5a82cb258f (webtiles) character file.

Game seed: 4242592089018402961

2281 styxcanada the Covert (level 9, -2/44 (45) HPs)
             Began as a Spriggan Brigand on May 23, 2022.
             Killed by divine providence
             ... invoked by an orc priest
              (10 damage)
             ... on level 7 of the Dungeon on May 25, 2022.
             The game lasted 00:25:16 (7338 turns).

styxcanada the Covert (Spriggan Brigand)            Turns: 7338, Time: 00:25:16

HP:   -2/44 (45)    AC:  5    Str:  7    XL:     9   Next: 16%
MP:   10/10         EV: 22    Int: 12    God:
Gold: 289           SH:  0    Dex: 21    Spells: 8/8 levels left

rFire   . . .      SeeInvis +   b - +3 short sword (venom)
rCold   + + .      Faith    .   (no shield)
rNeg    . . .      Spirit   .   k - +2 robe {rC+}
rPois   +          Reflect  .   (helmet restricted)
rElec   .          Harm     .   c - +0 cloak
rCorr   .          Rampage  .   (gloves unavailable)
Will    +....                   (boots unavailable)
Stlth   ++++++....              (no amulet)
HPRegen 0.14/turn               q - ring of poison resistance
MPRegen 0.12/turn               n - ring of protection from cold

@: lightly drained, very quick
A: very small, no large weapons, unfitting armour, see invisible, speed 3
a: no special abilities


You were on level 7 of the Dungeon.
You visited 1 branch of the dungeon, and saw 7 of its levels.

You collected 289 gold pieces.

Inventory:

Hand Weapons
 a - a +3 dagger of draining
 b - a +3 short sword of venom (weapon)
 d - a +1 flail of holy wrath
Missiles
 f - 117 stones
 o - a curare-tipped dart (quivered)
 p - 16 sling bullets
 s - 3 poisoned darts
 y - 4 boomerangs
Armour
 c - a +0 cloak (worn)
 k - a +2 robe of cold resistance (worn)
 t - a +1 robe of fire resistance
 w - a scarf of resistance
Jewellery
 m - a ring of magical power
 n - a ring of protection from cold (right hand)
 q - a ring of poison resistance (left hand)
Wands
 r - a wand of acid (5)
 A - a wand of mindburst (11)
Scrolls
 l - a scroll of fog
 z - a scroll of teleportation
 B - a scroll of identify
Potions
 e - 2 potions of ambrosia
 g - 2 potions of curing
 h - a potion of cancellation
 i - 4 potions of flight {unknown}
 j - 2 potions of mutation {unknown}
 u - a potion of haste {unknown}
 v - a potion of berserk rage {unknown}
 x - a potion of brilliance {unknown}


   Skills:
 + Level 3.8 Fighting
 + Level 6.8 Short Blades
 + Level 3.2 Throwing
 * Level 6.5 Dodging
 * Level 13.0 Stealth
 * Level 2.7 Evocations


You had 8 spell levels left.
You didn't know any spells.
Your spell library was empty.

Dungeon Overview and Level Annotations

Branches:
Dungeon (7/15)
 Temple: D:4-7

Altars:
Qazlal
Wu Jian


Innate Abilities, Weirdness & Mutations

You are very small and have problems with some larger weapons.
You are too small for most types of armour.
You have supernaturally acute eyesight. (SInv)
You cover ground extremely quickly. (Speed+++)


Message History

You perforate the orc like a sieve!!!
You kill the orc!
A jelly and an orc priest come into view.
The orc priest shouts!
The orc shouts!
The bullfrog gives a loud, deep croak!
The bullfrog misses you.
You see here a +0 hand axe.
You hit the bullfrog.
The bullfrog is poisoned.
The bullfrog is moderately wounded.
The bullfrog misses you.
The orc priest calls down the wrath of Beogh upon you.
Beogh smites you!
You hit the orc.
The orc is poisoned.
The orc is heavily wounded.
The bullfrog completely misses you. The bullfrog misses you.
The jelly completely misses you.
The orc priest hits you but does no damage.
The orc hits you but does no damage.
You hit the orc priest.
The orc priest is poisoned.
The orc priest is lightly wounded.
The bullfrog barely misses you. The jelly misses you.
The orc priest calls down the wrath of Beogh upon you.
Beogh smites you!
* * * LOW HITPOINT WARNING * * *
The orc misses you.
The bullfrog hits you but does no damage.
You see here a +0 hand axe.
Things that are here:
a +0 dagger; an orc corpse You kill the orc!
Throw: 2 darts (curare)
Press: ? - help, Q - select action, (/) - cycle Shift-Dir - straight line, f - bullfrog
Aim: a bullfrog (moderately wounded, poisoned, 58% to hit)
You throw a curare-tipped dart.
The curare-tipped dart hits the bullfrog.
The bullfrog looks even sicker.
The bullfrog convulses.
The bullfrog seems to slow down.
The bullfrog is severely wounded.
The orc priest invokes the aid of Beogh against you.
Beogh smites you!
You die...

#...##..#.....# #... #..#
#.o)....# ..... #..# #.......#
..... #.. #...J...###..... #.
###......#...^...
##.###..................#...##.#
#...........(.............<.#.#
.............F.##..# ##.......#
.......)......@...# #.........
.............#....# ##.........
......#...........###.........#
......#.##.#..................#
........###....##.............#
.........#....###........#.##..
..............#####.##.###.#
##........#.#.<...#.##.# #..
.......####...)).).#.# ....


You could see a bullfrog (very poisoned, slow), a jelly and an orc priest
(poisoned).

Vanquished Creatures
  Pikel (D:5)
  Prince Ribbit (D:5)
  A steam dragon (D:6)
  Edmund (D:5)
  A water moccasin (D:6)
  An ice beast (D:6)
  3 necrophages
  An ogre (D:5)
  A bullfrog (D:4)
  A scorpion (D:6)
  A wyvern skeleton (D:6)
  4 wights (D:7)
  A howler monkey (D:4)
  A jelly (D:7)
  2 hounds
  Jessica (D:3)
  3 iguanas
  2 orc wizards
  A killer bee zombie (D:6)
  3 hound skeletons
  3 gnolls (D:6)
  A howler monkey skeleton (D:4)
  9 adders
  A white imp (D:6)
  An ufetubus (D:5)
  3 worms
  3 dart slugs
  22 orcs
  5 endoplasms
  5 giant cockroaches
  5 goblins
  7 hobgoblins
  9 jackals
  6 kobolds
  7 quokkas
  5 ball pythons
  A frilled lizard (D:2)
  7 rats
131 creatures vanquished.

Notes
Turn   | Place    | Note
-------+----------+-------------------------------------------
     0 | D:1      | styxcanada the Spriggan Brigand began the quest for the
                  | Orb.
     0 | D:1      | Reached XP level 1. HP: 10/10 MP: 2/2
    31 | D:1      | Reached skill level 6 in Stealth
    67 | D:1      | Reached XP level 2. HP: 7/14 MP: 3/3
   765 | D:1      | Found a faded altar of an unknown god.
  1225 | D:2      | Reached skill level 7 in Stealth
  1277 | D:2      | Reached XP level 3. HP: 16/18 MP: 4/4
  2444 | D:3      | Reached XP level 4. HP: 23/23 MP: 5/5
  2566 | D:3      | Reached skill level 8 in Stealth
  2580 | D:3      | Found an ornate altar of the Wu Jian Council.
  2693 | D:3      | Noticed Jessica
  2700 | D:3      | Killed Jessica
  2888 | D:3      | Reached XP level 5. HP: 19/26 MP: 6/6
  3297 | D:4      | Noticed a necrophage
  3312 | D:4      | Killed a necrophage
  3620 | D:4      | Found a stormy altar of Qazlal.
  3632 | D:4      | Reached skill level 9 in Stealth
  3710 | D:4      | Reached XP level 6. HP: 30/30 MP: 7/7
  4385 | D:5      | Entered Level 5 of the Dungeon
  4429 | D:5      | Reached skill level 10 in Stealth
  4429 | D:5      | Reached XP level 7. HP: 19/35 MP: 8/8
  4589 | D:5      | Noticed Prince Ribbit
  4612 | D:5      | Killed Prince Ribbit
  4650 | D:5      | Noticed Pikel
  4716 | D:5      | Noticed Edmund
  4726 | D:5      | Killed Pikel
  4727 | D:5      | Reached skill level 5 in Short Blades
  4727 | D:5      | Reached skill level 11 in Stealth
  4727 | D:5      | Reached XP level 8. HP: 16/40 MP: 9/9
  4770 | D:5      | Killed Edmund
  4771 | D:5      | Reached skill level 12 in Stealth
  5318 | D:6      | Reached skill level 5 in Dodging
  6324 | D:6      | Reached skill level 1 in Evocations
  6887 | D:6      | Reached XP level 9. HP: 42/45 MP: 10/10
  7151 | D:7      | Reached skill level 13 in Stealth
  7338 | D:7      | Killed from afar by an orc priest

Illustrated notes

Levels and vault maps discovered:
D:1:      dpeg_arrival_leaves_temple_mockup, layout_loops_ring, serial_forest,
          infiniplex_forest_clump_long, infiniplex_forest_lined_room_3,
          infiniplex_forest_lined_room_3, infiniplex_forest_lined_2,
          infiniplex_forest_straight_2, infiniplex_forest_clump_double,
          infiniplex_forest_clump_diagonal, infiniplex_forest_end_1,
          basic_ecumenical_altar, hangedman_decor_points
D:2:      layout_loops_ring
D:3:      layout_basic, mainiacjoe_overflow_24_doors, uniq_jessica
D:4:      layout_loops_ring, mainiacjoe_overflow_six_doors_small
D:5:      nicolae_cairo_tiling, layout_rooms, uniq_pikel, uniq_edmund,
          uniq_prince_ribbit1
D:6:      hellmonk_warped_wall, layout_basic, nicolae_figureground_sparkle
D:7:      layout_cave_pools, minmay_temple_entry_offerings

Skill      XL: |  1  2  3  4  5  6  7  8  9 |
---------------+----------------------------+-----
Stealth        | 6 7 8 9 10 11 12 13 | 13.0
Dodging        | 2 3 4 6 |  6.5
Fighting       | 2 3 |  3.8
Short Blades   | 3 4 5 6 |  6.8
Throwing       | 3 |  3.2
Evocations     | 2 |  2.7

Action                   |  1- 3 |  4- 6 |  7- 9 || total
-------------------------+-------+-------+-------++-------
Melee: Dagger            |   115 |    22 |       ||   137
       Punch             |     2 |     2 |     7 ||    11
       Short sword       |       |    86 |   169 ||   255
       Flail             |       |       |    12 ||    12
Throw: Dart              |    11 |    15 |    14 ||    40
       Stone             |       |       |     1 ||     1
Evoke: Wand              |       |       |     2 ||     2
  Use: Scroll            |     3 |     6 |     1 ||    10
       Potion            |       |       |     2 ||     2
 Stab: Sleeping          |    14 |    13 |     9 ||    36
       Distracted        |       |     2 |     1 ||     3
Armor: Robe              |    18 |    13 |    18 ||    49
Dodge: Dodged            |    64 |    58 |   157 ||   279
